 Dungeon Crawl Stone Soup version 0.26.0-16-gc1dbca0489 (webtiles) character file.

Game seed: 3998270143560228307

6212 kaeus the Fighter (level 10, -4/82 HPs)
             Began as a Demonspawn Fighter on Jan 22, 2021.
             Was an Elder of Trog.
             Killed from afar by an electric eel (8 damage)
             ... with a bolt of electricity
             ... on level 9 of the Dungeon.
             The game lasted 00:14:12 (11019 turns).

kaeus the Fighter (Demonspawn Fighter)             Turns: 11019, Time: 00:14:12

Health: -4/82      AC: 13    Str: 19    XL:     10   Next: 61%
Magic:  10/10      EV:  8    Int: 10    God:    Trog [****..]
Gold:   432        SH: 11    Dex: 13    Spells: 9/9 levels left

rFire    . . .     SeeInvis .   w - +2 war axe (elec)
rCold    . . .     Faith    .   v - +0 kite shield
rNeg     + . .     Spirit   .   a - +2 scale mail {rN+}
rPois    .         Reflect  .   (helmet restricted)
rElec    .         Harm     .   (no cloak)
rCorr    .         Rampage  .   (no gloves)
Will     .....                  (no boots)
Stlth    ..........             (no amulet)
HPRegen  0.23/turn              (no ring)
MPRegen  0.12/turn              (no ring)

@: no status effects
A: antennae 2, icy blue scales 2, demonic guardian 2
a: Renounce Religion, Berserk, Trog's Hand, Brothers in Arms


You were on level 9 of the Dungeon.
You worshipped Trog.
Trog was greatly pleased with you.
You visited 1 branch of the dungeon, and saw 9 of its levels.

You collected 432 gold pieces.

Inventory:

Hand Weapons
 w - a +2 war axe of electrocution (weapon)
Armour
 a - a +2 scale mail of positive energy (worn)
 v - a +0 kite shield (worn)
Jewellery
 y - an uncursed ring of poison resistance {unknown}
Wands
 s - a wand of paralysis (8)
 x - a wand of acid (9)
 D - a wand of iceblast (9)
 F - a wand of random effects (11)
Scrolls
 b - a scroll of enchant armour {unknown}
 e - 5 scrolls of remove curse {unknown}
 f - 10 scrolls of identify {unknown}
 g - 7 scrolls of teleportation {unknown}
 i - 4 scrolls of magic mapping {unknown}
 k - a scroll of random uselessness {unknown}
 l - 5 scrolls of immolation
 p - 2 scrolls of amnesia {unknown}
 q - 2 scrolls of blinking {unknown}
 u - 2 scrolls of fog {unknown}
 E - 2 scrolls of enchant weapon {unknown}
Potions
 c - 2 potions of ambrosia {unknown}
 d - 2 potions of might
 h - a potion of haste {unknown}
 j - a potion of invisibility {unknown}
 m - a potion of magic {unknown}
 n - a potion of flight {unknown}
 o - 2 potions of curing
 r - 2 potions of brilliance {unknown}
 t - a potion of lignification {unknown}
 z - a potion of resistance {unknown}
 A - a potion of degeneration {unknown}
 B - a potion of cancellation {unknown}
 C - 2 potions of attraction {unknown}


   Skills:
 + Level 8.7 Fighting
 + Level 7.6 Axes
 + Level 7.9 Armour
 + Level 7.9 Shields


You had 9 spell levels left.
You didn't know any spells.
Your spell library contained the following spells:

 Spells                   Type           Power        Failure   Level
 Corona                   Hex            0%           94%         1
 Sandblast                Erth           0%           94%         1
 Sting                    Tmut/Pois      0%           94%         1
 Ensorcelled Hibernation  Hex/Ice        0%           98%         2
 Passwall                 Tmut/Erth      0%           98%         2
 Poisonous Vapours        Pois/Air       0%           98%         2
 Confusing Touch          Hex            0%           100%        3
 Dazzling Flash           Conj/Hex       0%           100%        3
 Gell's Gravitas          Tloc           0%           100%        3
 Ignite Poison            Fire/Tmut/Pois 0%           100%        3
 Mephitic Cloud           Conj/Pois/Air  0%           100%        3
 Stone Arrow              Conj/Erth      0%           100%        3
 Tukima's Dance           Hex            0%           100%        3
 Olgreb's Toxic Radiance  Pois           0%           100%        4
 Petrify                  Tmut/Erth      0%           100%        4
 Lee's Rapid Deconstruct  Erth           0%           100%        5
 Metabolic Englaciation   Hex/Ice        0%           100%        5
 Yara's Violent Unravell  Hex/Tmut       0%           100%        5


Dungeon Overview and Level Annotations

Branches:
Dungeon (9/15)             Temple (0/1) D:5            Lair (0/6) D:8
    Orc: D:9-12

Altars:
Ashenzari
Fedhas
Kikubaaqudgha
Makhleb
Nemelex Xobeh
Qazlal
Trog
Yredelemnul

Annotations:
D:8 1 runed translucent door, vvl's ghost, novice DrTm


Innate Abilities, Weirdness & Mutations

You have a pair of antennae on your head.
You are mostly covered in icy blue scales. (AC +3)
A demonic guardian rushes to your aid.


Message History

You slash the electric eel!
The electric eel is severely wounded.
The electric eel shoots out a bolt of lightning at you!
The bolt of electricity hits you!
The electric eel shoots out a bolt of lightning at you!
The bolt of electricity hits you!
* * * LOW HITPOINT WARNING * * *
You miss the electric eel.
The electric eel is severely wounded.
The electric eel shoots out a bolt of lightning at you!
The bolt of electricity hits you!
* * * LOW HITPOINT WARNING * * *
You take 37 damage, and have 10/82 hp.
MASSIVE DAMAGE!!
You miss the electric eel.
The electric eel is severely wounded.
The electric eel shoots out a bolt of lightning at you!
The bolt of electricity hits you.
* * * LOW HITPOINT WARNING * * *
The bolt of electricity hits you!
You die...

..)...................
..≈.........≈..≈....######
≈≈.≈≈..≈≈≈.≈≈≈≈≈≈≈≈≈≈≈≈≈≈≈
P≈≈≈≈≈≈≈≈≈≈.≈≈≈≈≈≈≈≈≈≈≈≈≈≈
≈;≈≈≈≈≈≈≈≈≈≈≈≈≈≈≈≈≈≈≈≈≈#
≈≈≈≈≈;≈≈.≈≈≈≈≈≈≈≈≈≈≈≈####
≈.≈≈≈≈≈≈≈≈≈.≈.≈.≈...≈≈..#
≈≈≈≈≈...................#
.≈.....##@#.#.#...##)#..#
....### #...#.#..###...##
.#. ###.#.#)## #.### #
########.#.#.# #.#
........)).#.# #.#
########)###)####.#
#(#...).##.# #(#.....##.#
#.....)....#


You could see an electric eel.

Vanquished Creatures
  Erica (D:8)
  A troll (D:7)
  A wyvern (D:8)
  Eustachio (D:5)
  6 yaks
  7 water moccasins
  2 orc warriors
  2 sky beasts
  2 ice beasts
  2 ogres
  2 black bears
  A necrophage (D:6)
  3 centaurs
  2 big kobolds
  4 bullfrogs
  Dowan (D:6)
  2 scorpions
  5 wights
  2 electric eels (D:9)
  2 hounds
  A centaur zombie (D:8)
  3 centaur skeletons
  A jelly (D:5)
  An iron imp (D:6)
  Ijyb (D:5)
  Natasha (thrice) (D:2)
  3 iguanas
  7 orc wizards
  3 worker ants
  A hound skeleton (D:6)
  A worker ant zombie (D:5)
  5 gnolls (D:7)
  A howler monkey skeleton (D:6)
  9 adders
  3 white imps
  An ooze (D:1)
  An adder zombie (D:5)
  An adder skeleton (D:4)
  5 worms
  7 dart slugs
  5 leopard geckos
  13 orcs
  2 bats
  4 giant cockroaches
  9 goblins
  8 hobgoblins
  12 jackals
  19 kobolds
  2 quokkas
  5 ball pythons
  8 frilled lizards
  A jackal zombie (D:5)
  2 leopard gecko skeletons
  A quokka skeleton (D:7)
  6 rats
204 creatures vanquished.

Vanquished Creatures (collateral kills)
  A gargoyle (D:6)
  A hornet (D:7)
  2 yaks (D:8)
  Duvessa (D:6)
  An ice beast (D:7)
  A sky beast (D:8)
  A black bear (D:7)
  A phantom (D:7)
  A centaur (D:6)
  A bullfrog (D:7)
  A quasit (D:7)
  A hound (D:6)
  A bullfrog skeleton (D:5)
  2 iron imps (D:6)
  A gnoll (D:7)
  An adder (D:5)
  A frilled lizard (D:5)
19 creatures vanquished.

Vanquished Creatures (others)
  An orc (D:9)
  33 fungi (D:8)
  52 plants
86 creatures vanquished.

Grand Total: 309 creatures vanquished

Notes
Turn   | Place    | Note
-------+----------+-------------------------------------------
     0 | D:1      | kaeus the Demonspawn Fighter began the quest for the Orb.
     0 | D:1      | Reached XP level 1. HP: 18/18 MP: 1/1
    68 | D:1      | Gained mutation: You have a pair of small antennae on your
                  | head. [demonic ancestry]
    68 | D:1      | Reached XP level 2. HP: 24/24 MP: 2/2
   431 | D:1      | Gained mutation: You are partially covered in icy blue
                  | scales. (AC +2) [demonic ancestry]
   431 | D:1      | Reached XP level 3. HP: 22/29 MP: 3/3
  1360 | D:2      | Reached XP level 4. HP: 26/35 MP: 4/4
  1960 | D:2      | Noticed Natasha
  1965 | D:2      | Killed Natasha
  2523 | D:2      | Noticed Natasha
  2534 | D:2      | Killed Natasha
  2535 | D:2      | Reached XP level 5. HP: 40/42 MP: 5/5
  2926 | D:2      | Noticed Natasha
  2937 | D:2      | Killed Natasha
  3277 | D:3      | Reached skill level 4 in Fighting
  3472 | D:3      | Found an ancient bone altar of Kikubaaqudgha.
  3669 | D:3      | Found a faded altar of an unknown god.
  3680 | D:3      | Became a worshipper of Trog the Wrathful
  3680 | D:3      | Reached * piety under Trog
  3994 | D:4      | Gained mutation: A weak demonic guardian rushes to your
                  | aid. [demonic ancestry]
  3994 | D:4      | Reached XP level 6. HP: 48/48 MP: 6/6
  4165 | D:4      | Found a broken altar of Ashenzari.
  4167 | D:4      | Found a basalt altar of Yredelemnul.
  4848 | D:5      | Entered Level 5 of the Dungeon
  4849 | D:5      | Noticed Eustachio
  4874 | D:5      | Killed Eustachio
  4875 | D:5      | Gained mutation: A demonic guardian rushes to your aid.
                  | [demonic ancestry]
  4875 | D:5      | Reached XP level 7. HP: 22/55 MP: 7/7
  5468 | D:5      | Reached skill level 5 in Fighting
  5715 | D:5      | Found a staircase to the Ecumenical Temple.
  5812 | D:5      | Noticed Ijyb
  5823 | D:5      | Killed Ijyb
  6004 | D:5      | Reached ** piety under Trog
  6005 | D:5      | Found a stormy altar of Qazlal.
  6447 | D:6      | Found a burning altar of Makhleb.
  6459 | D:6      | Reached skill level 5 in Armour
  6461 | D:6      | Reached skill level 5 in Shields
  6461 | D:6      | Gained mutation: You have a pair of antennae on your head.
                  | [demonic ancestry]
  6461 | D:6      | Reached XP level 8. HP: 57/63 MP: 8/8
  6532 | D:6      | Noticed Duvessa
  6541 | D:6      | Noticed Dowan
  6549 | D:6      | Killed Duvessa
  6552 | D:6      | Killed Dowan
  6617 | D:6      | Found a burning altar of Makhleb.
  6749 | D:6      | Reached skill level 5 in Axes
  6763 | D:6      | Noticed a gargoyle
  6771 | D:6      | Killed a gargoyle
  6772 | D:6      | Reached skill level 6 in Fighting
  6841 | D:6      | Reached *** piety under Trog
  7832 | D:7      | Found a blossoming altar of Fedhas.
  7848 | D:7      | Reached XP level 9. HP: 53/71 MP: 9/9
  7965 | D:7      | Noticed a troll
  7973 | D:7      | Killed a troll
  8126 | D:7      | Reached skill level 7 in Fighting
  9198 | D:7      | Reached **** piety under Trog
  9500 | D:8      | Found a staircase to the Lair.
  9570 | D:8      | Found a sparkling altar of Nemelex Xobeh.
  9623 | D:8      | Gained mutation: You are mostly covered in icy blue scales.
                  | (AC +3) [demonic ancestry]
  9623 | D:8      | Reached XP level 10. HP: 73/80 MP: 10/10
  9635 | D:8      | Noticed Erica
  9659 | D:8      | Killed Erica
  9660 | D:8      | Reached skill level 8 in Fighting
  9903 | D:8      | Found a runed translucent door.
  9903 | D:8      | Noticed vvl's ghost (novice DrTm)
  9903 | D:8      | Noticed a four-headed hydra
 11019 | D:9      | HP: 4/82 [electric eel/bolt of electricity (6)]
 11019 | D:9      | Killed from afar by an electric eel

Illustrated notes

Levels and vault maps discovered:
D:1:      eino_arrival_water_star, layout_basic
D:2:      minmay_recursive_quarters, layout_basic, serial_bayou_ford_a,
          uniq_natasha
D:3:      layout_basic, kiku_gazebo_garden_becter,
          chequers_ecumenical_altar_simple
D:4:      layout_basic, grunt_temple_overflow_open
D:5:      layout_basic, grunt_qazlal_sundering, minmay_temple_entry_nine_rooms,
          uniq_ijyb, uniq_eustachio
D:6:      layout_basic, demons_altar, makhleb_blood_cavern_becter, uniq_duvessa
D:7:      layout_gridville, fedhas_ov_isle_minmay
D:8:      layout_cave_pools, lemuel_round_altar, due_lair_maze_entry_diamond,
          ebering_ghost_inner_flame, uniq_erica
D:9:      layout_loops_ring, zin_treasury, basic_altar, chequers_big_river

Skill      XL: |  1  2  3  4  5  6  7  8  9 10 |
---------------+-------------------------------+-----
Axes           | 2 3 4 5 6 7 |  7.6
Armour         | 3 4 5 6 7 |  7.9
Shields        | 3 4 5 6 7 |  7.9
Fighting       | 4 5 6 7 8 |  8.7

Action                   |  1- 3 |  4- 6 |  7- 9 | 10-12 || total
-------------------------+-------+-------+-------+-------++-------
Melee: War axe           |   106 |   195 |   294 |    99 ||   694
Invok: Berserk           |       |     1 |    10 |     2 ||    13
  Use: Potion            |       |       |     2 |       ||     2
 Stab: Distracted        |       |     1 |     1 |       ||     2
Armor: Scale mail        |    42 |   114 |   129 |    27 ||   312
Dodge: Dodged            |    29 |    67 |   113 |    23 ||   232
Block: Kite shield       |    69 |   136 |   184 |    41 ||   430
